 Dungeon Crawl Stone Soup version 0.17.0-18-gaab0e96 (console) character file.

420 gw the Conjurer (level 6, -1/36 HPs)
             Began as a Tengu Conjurer on Nov 11, 2015.
             Slain by an ufetubus (4 damage)
             ... summoned by Eustachio
             ... on level 4 of the Dungeon.
             The game lasted 00:04:19 (6826 turns).

gw the Conjurer (Tengu Conjurer)                    Turns: 6826, Time: 00:04:20

Health: -1/36      AC:  4    Str:  9    XL:     6   Next: 94%
Magic:  0/12       EV: 13    Int: 17    God:
Gold:   214        SH:  0    Dex: 14    Spells: 4 memorised, 2 levels left

rFire  . . .     SeeInvis .     b - +0 mace
rCold  . . .     Clarity  .     l - +0 leather armour
rNeg   . . .     SustAt   .     (no shield)
rPois  .         Gourm    .     (helmet restricted)
rElec  .         Spirit   .     j - +0 cloak
rCorr  .         Warding  .     (no gloves)
rMut   .         Stasis   .     (boots unavailable)
MR     .....                    (no amulet)
Stlth  ++........               (no ring)
                                (no ring)

@: not resistant to hostile enchantments, unstealthy
A: beak, talons 3, able to fly 1
a: Fly


You were on level 4 of the Dungeon.
You were not hungry.

You visited 1 branch of the dungeon, and saw 4 of its levels.

You collected 214 gold pieces.

Inventory:

Hand Weapons
 b - a +0 mace (weapon)
Missiles
 d - 134 stones
 f - 38 poisoned needles
 g - 5 tomahawks (quivered)
Armour
 j - a +0 cloak (worn)
 l - a +0 leather armour (worn)
Books
 e - a book of Conjurations

   Spells                             Type                      Level
   a - Magic Dart                     Conjuration                  1
   b - Searing Ray                    Conjuration                  2
   c - Dazzling Spray                 Conjuration/Hexes            3
   d - Fulminant Prism                Conjuration/Hexes            4
   e - Iskenderun's Mystic Blast      Conjuration                  4
   f - Iskenderun's Battlesphere      Conjuration/Charms           5
 h - a book of Spatial Translocations

   Spells                             Type                      Level
   a - Apportation                    Translocation                1
   b - Blink                          Translocation                2
   c - Shroud of Golubria             Charms/Translocation         2
   d - Portal Projectile              Translocation                3
   e - Teleport Other                 Translocation                3
   f - Passage of Golubria            Translocation                4
 i - a book of Spatial Translocations

   Spells                             Type                      Level
   a - Apportation                    Translocation                1
   b - Blink                          Translocation                2
   c - Shroud of Golubria             Charms/Translocation         2
   d - Portal Projectile              Translocation                3
   e - Teleport Other                 Translocation                3
   f - Passage of Golubria            Translocation                4


   Skills:
 + Level 2.9 Fighting
 + Level 2.5 Maces & Flails
 + Level 3.8 Dodging
 - Level 2.0 Stealth
 * Level 3.9 Spellcasting
 + Level 6.4 Conjurations


You had 2 spell levels left.
You knew the following spells:

 Your Spells              Type           Power        Failure   Level  Hunger
a - Magic Dart            Conj           ####         1%          1    None
b - Searing Ray           Conj           ####..       2%          2    ##.....
c - Dazzling Spray        Conj/Hex       ##......     21%         3    ###....
d - Iskenderun's Mystic   Conj           ####....     21%         4    ####...


Dungeon Overview and Level Annotations

Branches:
Dungeon (4/15)
 Temple: D:4-7

Altars:
Ashenzari
Elyvilon
Gozag
Nemelex Xobeh
Ru
Sif Muna
Zin

Shops:
D:3 *

Annotations:
D:4 Eustachio


Innate Abilities, Weirdness & Mutations

You have a beak for a mouth.
You have claws for feet.
You can fly.


Message History

Unknown command.
Unknown command.
ATTACK MOVE TO (-1,-1)
You hit the river rat.
You kill the river rat!
The river rat's corpse disappears in a puff of smoke!
The bat closely misses you. x2
The ufetubus closely misses you. x2
Eustachio gestures wildly while chanting.
The shadow imp hits you. The ufetubus closely misses you.
The ufetubus misses you.
Unknown command.
Unknown command.
Unknown command.
Unknown command.
ATTACK MOVE TO (-1,0)
You hit the shadow imp. Your kick misses the shadow imp.
The shadow imp is moderately wounded.
The bat closely misses you. The ufetubus hits you. The ufetubus hits you.
You die...

#.#.....#######..<#.......
#.#.........##.#.#.#.8...8
#.#....####........##.....
#.###### ####.....###...#
#..... ######.....##.####
#####. #.............).#
..# #.###.####..#.#.###)#
#...b#.#.ยค.# ##.._..# #.#
#.!?br.@b5Q# #.#.### #.#
#########5## #...# #.# #.#
##.## #.## #.# #.# #.##
..# #<# #... ### #.# ####
#.######### ###........
######.


You could see Eustachio, a shadow imp, an ufetubus, 3 bats and a rat.

Table legend:
 A = Turns spent in this place as a percentage of turns spent in the entire game.
 B = Non-inter-level travel turns spent in this place as a percentage of non-inter-level travel turns spent in the entire game.
 C = Inter-level travel turns spent in this place as a percentage of turns spent in this place.
 D = Turns resting spent in this place as a percentage of non-inter-level travel turns spent in this place.
 E = Turns spent auto-exploring this place as a percentage of non-inter-level travel turns spent in this place.
 F = Non-inter-level travel turns spent in this place divided by the number of levels of this place that you've seen.
                   A       B       C       D       E      F
               +-------+-------+-------+-------+-------+----------------------
         Total | 100.0 | 100.0 |   0.6 |   2.8 |   2.7 | 1477.2
       Dungeon | 100.0 | 100.0 |   0.6 |   2.8 |   2.7 | 1477.2
               +-------+-------+-------+-------+-------+----------------------

Table legend:
 A = Kills in this place as a percentage of kills in entire the game.
 B = Kills by you in this place as a percentage of kills by you in the entire game.
 C = Kills by friends in this place as a percentage of kills by friends in the entire game.
 D = Other kills in this place as a percentage of other kills in the entire game.
 E = Experience gained in this place as a percentage of experience gained in the entire game.
 F = Experience gained in this place divided by the number of levels of this place that you have seen.
                   A       B       C       D       E      F
               +-------+-------+-------+-------+-------+----------------------
         Total | 100.0 | 100.0 |  -nan |  -nan | 100.0 | 150.0
       Dungeon | 100.0 | 100.0 |  -nan |  -nan | 100.0 | 150.0
               +-------+-------+-------+-------+-------+----------------------

Vanquished Creatures
  A scorpion (D:4)
  A hound (D:4)
  An orc priest (D:4)
  An iguana (D:3)
  An orc wizard (D:4)
  3 worker ants (D:4)
  Robin (D:3)
  A gnoll (D:1)
  9 adders
  2 oozes
  A worm (D:3)
  8 orcs
  9 hobgoblins
  6 jackals
  3 kobolds (D:3)
  2 ball pythons
  6 bats
  6 giant newts
  18 goblins
  A quokka (D:3)
  3 rats
84 creatures vanquished.

Notes
Turn   | Place    | Note
--------------------------------------------------------------
     0 | D:1      | gw the Tengu Conjurer began the quest for the Orb.
     0 | D:1      | Reached XP level 1. HP: 10/10 MP: 4/4
   435 | D:1      | Reached skill level 1 in Fighting
   435 | D:1      | Reached XP level 2. HP: 14/16 MP: 0/6
   498 | D:1      | Learned a level 2 spell: Searing Ray
   818 | D:1      | Reached XP level 3. HP: 20/20 MP: 2/7
   869 | D:1      | Learned a level 3 spell: Dazzling Spray
  1767 | D:1      | Found a sparkling altar of Nemelex Xobeh.
  2329 | D:2      | Reached XP level 4. HP: 25/25 MP: 2/8
  3041 | D:3      | Found Zin's Purification Station.
  3041 | D:3      | Found a glowing silver altar of Zin.
  3148 | D:3      | Reached skill level 6 in Conjurations
  3283 | D:3      | Reached skill level 1 in Maces & Flails
  3396 | D:3      | Gained mutation: You can fly. [Tengu growth]
  3396 | D:3      | Reached XP level 5. HP: 30/30 MP: 2/10
  3605 | D:3      | Learned a level 4 spell: Iskenderun's Mystic Blast
  4164 | D:3      | Noticed Robin
  4174 | D:3      | Killed Robin
  5104 | D:4      | Reached XP level 6. HP: 34/36 MP: 3/12
  6108 | D:4      | Found a white marble altar of Elyvilon.
  6111 | D:4      | Found a deep blue altar of Sif Muna.
  6114 | D:4      | Found an opulent altar of Gozag.
  6117 | D:4      | Found a shattered altar of Ashenzari.
  6222 | D:4      | Found a sacrificial altar of Ru.
  6772 | D:4      | Noticed Eustachio
  6826 | D:4      | Slain by an ufetubus

Action                   |  1- 3 |  4- 6 || total
-------------------------+-------+-------++-------
Melee: Club              |     4 |       ||     4
       Whip              |     5 |    45 ||    50
       Mace              |       |    29 ||    29
Throw: Stone             |    24 |     3 ||    27
       Tomahawk          |     1 |    25 ||    26
 Cast: Magic Dart        |    48 |    89 ||   137
       Dazzling Spray    |     8 |    46 ||    54
       Iskenderun's Myst |       |     3 ||     3
 Stab: Invisible         |       |     1 ||     1
  Eat: Chunk             |     1 |    12 ||    13
       Bread ration      |     1 |     2 ||     3

Vault maps used:
D:1:      dpeg_arrival_stone_temple_mockup, nemelex_deck
D:3:      kennysheep_the_goblin_king, zin_purify, first_bread, uniq_robin
D:4:      lemuel_crystal_altar, grunt_temple_overflow_cloverleaf,
          serial_co_window_serial, co_window_of_opportunity_a,
          co_window_of_opportunity_a, co_window_corner_a, co_window_corner_a,
          co_window_corner_a, co_window_2corner, co_window_corner_b,
          co_window_broadway_a, co_window_corner_b, co_window_2corner,
          co_window_unsneaky_path_a, co_window_corner_b, co_window_4corner_a,
          glass_columns_c, wad_floor_pattern_untrapped, uniq_eustachio
